 Dungeon Crawl Stone Soup version 0.21-a0-71-g5e5ddd2 (webtiles) character file.

82 HAL9000 the Skirmisher (level 4, -7/39 HPs)
             Began as a Formicid Fighter on June 19, 2017.
             Mangled by an orc
             ... wielding a +0 trident
              (8 damage)
             ... on level 3 of the Dungeon.
             The game lasted 00:04:08 (1847 turns).

HAL9000 the Skirmisher (Formicid Fighter)           Turns: 1847, Time: 00:04:09

Health: -7/39      AC:  6    Str: 20    XL:     4   Next: 70%
Magic:  4/4        EV:  7    Int: 10    God:
Gold:   198        SH:  9    Dex: 11    Spells: 3/3 levels left

rFire    x . .     SeeInvis +   a - +0 war axe
rCold    + . .     Gourm    +   c - +0 shield
rNeg     . . .     Faith    .   b - +0 scale mail
rPois    .         Spirit   .   (helmet unavailable)
rElec    .         Reflect  .   (no cloak)
rCorr    .         Harm     .   (no gloves)
MR       .....                  (no boots)
Stlth    ..........             v - amulet of the gourmand
HPRegen  0.13/turn              l - ring of ice
MPRegen  0.09/turn              u - +2 ring of intelligence

@: no status effects
A: permanent stasis, dig shafts and tunnels, four strong arms, antennae 3
a: Dig, Shaft Self


You were on level 3 of the Dungeon.
You were not hungry.

You visited 1 branch of the dungeon, and saw 3 of its levels.

You collected 198 gold pieces.

Inventory:

Hand Weapons
 a - a +0 war axe (weapon)
Armour
 b - a +0 scale mail (worn)
 c - a +0 shield (worn)
Jewellery
 l - a ring of ice (left hand)
 u - a +2 ring of intelligence (right hand)
 v - an amulet of the gourmand (around neck)
Scrolls
 h - a scroll of remove curse {unknown}
 j - 2 scrolls of identify
 k - a scroll of recharging {unknown}
 n - 2 scrolls of magic mapping {unknown}
 o - 2 scrolls of fog {unknown}
 s - 2 scrolls of teleportation {unknown}
 t - a scroll of blinking {unknown}
 y - a scroll of amnesia {unknown}
Potions
 d - a potion of might
 m - 2 potions of curing
 q - 2 potions of agility
 r - a potion of brilliance
Books
 x - a book of Misfortune

   Spells                             Type                      Level
   a - Confusing Touch                Hexes                        1
   b - Confuse                        Hexes                        3
   c - Gell's Gravitas                Translocation                3
   d - Petrify                        Transmutation/Earth          4
   e - Metabolic Englaciation         Hexes/Ice                    5
   f - Yara's Violent Unravelling     Hexes/Transmutation          5
Comestibles
 f - 4 bread rations
 g - 2 royal jellies
 p - 2 meat rations


   Skills:
 - Level 5.2 Fighting
 + Level 2.4 Axes
 - Level 3.2 Armour
 + Level 3.9 Shields


You had 3 spell levels left.
You didn't know any spells.

Dungeon Overview and Level Annotations

Branches:
Dungeon (3/15)

Altars:


Innate Abilities, Weirdness & Mutations

You cannot be hasted, slowed, berserked, paralysed or teleported.
You can dig through walls and to a lower floor.
Your four strong arms can wield two-handed weapons with a shield.
You have a pair of large antennae on your head. (SInv)


Message History

Beogh smites you!
* * * LOW HITPOINT WARNING * * *
You hear a shout!
You closely miss the orc priest. The orc barely misses you.
The orc priest invokes the aid of Beogh against you.
You barely resist. You hit the orc priest.
The orc priest is lightly wounded.
The orc priest hits you with a flail.
* * * LOW HITPOINT WARNING * * *
You block the orc's attack. x2
The orc priest hits you but does no damage.
You barely miss the orc priest.
The orc priest is lightly wounded.
The orc hits you but does no damage. The orc priest hits you with a flail.
* * * LOW HITPOINT WARNING * * *
You slash the orc priest!
The orc priest is severely wounded.
The orc hits you from afar with a trident!
You die...

#.# #.# #...# ####.# #.# #.#.#
)....# #.# #..o. ###..# #####.#
##... # #..# #.....# #.## # #..#
### #####.##### #.# ###..# #<#
#...#.# #{# .....# #.#####.#.#.#
#.# ###..## #.......@.#.# #.#
###...#########o###.##########.#
...............o{o............>#
###...####.....#################
.......# #.#.#.#
###.##.###.#.#.# #...[.....(#.#
#####.##.#.#.# #.##†#.#.#


You could see an orc priest and an orc.

Vanquished Creatures
  An adder (D:3)
  2 worms (D:2)
  2 dart slugs
  2 leopard geckos
  5 orcs (D:3)
  7 bats
  2 giant cockroaches (D:1)
  5 goblins
  3 hobgoblins (D:3)
  4 jackals
  3 frilled lizards (D:1)
  9 kobolds
  9 rats
54 creatures vanquished.

Notes
Turn   | Place    | Note
-------+----------+-------------------------------------------
     0 | D:1      | HAL9000 the Formicid Fighter began the quest for the Orb.
     0 | D:1      | Reached XP level 1. HP: 18/18 MP: 1/1
   109 | D:1      | Reached XP level 2. HP: 23/25 MP: 2/2
   143 | D:1      | Reached skill level 4 in Fighting
   339 | D:1      | Reached XP level 3. HP: 25/31 MP: 3/3
  1225 | D:2      | Reached skill level 5 in Fighting
  1525 | D:3      | Reached XP level 4. HP: 38/39 MP: 4/4
  1846 | D:3      | HP: 1/39 [orc priest/flail (5)]
  1847 | D:3      | Mangled by an orc

Vault maps used:
D:1:      dpeg_arrival_long_road
D:3:      chequers_ecumenical_altar_island, minmay_misc_feat_alley, uniq_natasha

Skill      XL: |  1  2  3 |
---------------+----------+-----
Fighting       | 4 5 |  5.2
Axes           | |  2.4
Armour         | |  3.2
Shields        | |  3.9

Action                   |  1- 3 |  4- 6 || total
-------------------------+-------+-------++-------
Melee: War axe           |    85 |    49 ||   134
  Use: Scroll            |       |     3 ||     3
  Eat: Chunk             |     2 |     4 ||     6
Armor: Scale mail        |    49 |    25 ||    74
Dodge: Dodged            |    28 |    22 ||    50
Block: Shield            |    57 |    27 ||    84
